 Dungeon Crawl Stone Soup version 0.28-a0-8-g6e044cfa68 (webtiles) character file.

Game seed: 2696622339640424669

331 tilp the Scratcher (level 6, 0/26 HPs)
             Began as a Felid Hedge Wizard on July 23, 2021.
             Slain by a scorpion (8 damage)
             ... on level 5 of the Dungeon.
             The game lasted 00:10:11 (8795 turns).

tilp the Scratcher (Felid Hedge Wizard)             Turns: 8795, Time: 00:10:11

Health: 0/26       AC:  2    Str:  6    XL:     6   Next: 26%
Magic:  2/11       EV: 18    Int: 18    God:
Gold:   39         SH:  0    Dex: 15    Spells: 6/11 levels left
                                        Lives:  0   Deaths: 1

rFire   . . .      SeeInvis +     - Unarmed
rCold   . . .      Faith    .   (shield unavailable)
rNeg    . . .      Spirit   .   (armour unavailable)
rPois   .          Reflect  .   (helmet unavailable)
rElec   .          Harm     .   (cloak unavailable)
rCorr   .          Rampage  .   (gloves unavailable)
Will    .....                   (boots unavailable)
Stlth   +++.......              (no amulet)
HPRegen 0.08/turn               (no ring)
MPRegen 0.12/turn               (no ring)

@: very slightly contaminated, quick
A: very small, claws 1, fangs 3, see invisible, speed 1, shaggy fur 2, stealthy
paws, no weapons or thrown items, no armour, multi-lived
a: no special abilities


You were on level 5 of the Dungeon.
You visited 1 branch of the dungeon, and saw 5 of its levels.

You collected 174 gold pieces.
You spent 135 gold pieces at shops.

Inventory:

Scrolls
 a - a scroll of fear
 c - 2 scrolls of teleportation
 h - a scroll of blinking
 i - a scroll of summoning
 j - a scroll of holy word
Potions
 b - a potion of cancellation
 d - 2 potions of heal wounds
 e - 2 potions of berserk rage
 f - 3 potions of lignification
 g - 4 potions of curing


   Skills:
 - Level 2.0 Fighting
 - Level 4.0 Dodging
 - Level 4.0 Stealth
 - Level 4.0 Unarmed Combat
 - Level 3.0 Spellcasting
 + Level 3.2 Conjurations
 - Level 1.0 Summonings
 - Level 1.5 Translocations


You had 6 spell levels left.
You knew the following spells:

 Your Spells              Type           Power      Damage    Failure   Level
a - Magic Dart            Conj           56%        1d5       4%          1
b - Call Imp              Summ           6%         N/A       16%         2
c - Blink                 Tloc           N/A        N/A       13%         2

Your spell library contained the following spells:

 Spells                   Type           Power      Damage    Failure   Level
 Static Discharge         Conj/Air       8%         N/A       13%         2
 Slow                     Hex            2%         N/A       24%         2
 Conjure Flame            Conj/Fire      8%         6-21      26%         3
 Gell's Gravitas          Tloc           4%         N/A       26%         3
 Teleport Other           Tloc           8%         N/A       26%         3
 Mephitic Cloud           Conj/Pois/Air  6%         N/A       30%         3
 Sticky Flame             Conj/Fire      8%         2d3       63%         4
 Dispel Undead            Necr           2%         3d7       85%         4
 Dispersal                Tloc           4%         N/A       100%        6


Dungeon Overview and Level Annotations

Branches:
Dungeon (5/15)
 Temple: D:4-7

Altars:
Fedhas
Gozag
Wu Jian
Yredelemnul

Shops:
D:2 *!*   D:3 [

Annotations:
D:5 exclusion: wyvern


Innate Abilities, Weirdness & Mutations

You have sharp claws.
You have razor-sharp teeth.
You have supernaturally acute eyesight. (SInv)
You cover ground quickly. (Speed+)
You are covered in thick fur. (AC +2)
Your paws help you pounce on unaware monsters.
You are incapable of wielding weapons or throwing items.
You cannot wear armour.
You gain extra lives every three experience levels.


Message History

Confirm with . or Enter, or press ? or * to list all spells.
A beastly little devil appears in a puff of flame.
Casting: Call Imp (safe; 16% risk of failure)
Confirm with . or Enter, or press ? or * to list all spells.
You miscast Call Imp.
Nothing appears to happen.
Your crimson imp blinks!
You closely miss the scorpion. The scorpion closely misses you.
Unknown command.
You scratch the scorpion.
The scorpion is lightly wounded.
The scorpion stings you.
Unknown command.
You swap places.
Your crimson imp misses the scorpion.
The scorpion completely misses your crimson imp.
Casting: Call Imp (safe; 16% risk of failure)
Confirm with . or Enter, or press ? or * to list all spells.
A shadowy apparition takes form in the air.
The scorpion barely misses your crimson imp.
Your crimson imp hits the scorpion but does no damage.
Unknown command.
The scorpion completely misses you.
Your crimson imp hits the scorpion but does no damage.
Unknown command.
You scratch the scorpion but do no damage.
The scorpion is lightly wounded.
The scorpion stings you.
Your shadow imp closely misses the scorpion.
Your crimson imp hits the scorpion but does no damage.
Unknown command.
You scratch the scorpion.
The scorpion is lightly wounded.
The scorpion stings you!
* * * LOW HITPOINT WARNING * * *
Your shadow imp closely misses the scorpion.
Your crimson imp hits the scorpion but does no damage.
Unknown command.
You scratch the scorpion but do no damage.
The scorpion is lightly wounded.
The scorpion stings you!
You die...

..#................#....#.......#
..#................#....#.......#
..# .l............#....#.......#
..#................#....#.......#
..##...............#....#.......#
..##...##...##.....#....#.......#
...#...##...##.....#....#.......#
...#...#...........#...##......##
...#...#........@55#...##########
...#...#.........s.#...........#.
...#...#...........'...........#.
..##...#...........#...........#.
####...##...##.....#...........#.
#....####.##...###...##......##
#.....#...##...#####'##......##
#.....#....#...#.....#........#
#.....'....#...#.....#........#


You could see a scorpion (ally target), a friendly crimson imp (summoned) and a
friendly shadow imp (summoned).

Vanquished Creatures
  An ogre (D:4)
  A bullfrog zombie (D:5)
  A killer bee zombie (D:5)
  2 hound skeletons
  2 adders
  3 gnolls (D:2)
  An ufetubus (D:3)
  2 dart slugs
  6 orcs
  6 endoplasms
  2 giant cockroaches (D:1)
  5 goblins
  2 hobgoblins
  5 jackals
  11 kobolds
  A quokka (D:2)
  2 ball pythons
  5 bats
  2 frilled lizards (D:3)
  5 rats
65 creatures vanquished.

Vanquished Creatures (collateral kills)
  An ogre (D:5)
  A jelly (D:5)
  An iguana (D:5)
  An orc wizard (D:4)
  A gnoll (D:2)
  4 adders
  A worm (D:2)
  5 orcs
  A jackal (D:2)
  A quokka (D:2)
17 creatures vanquished.

Vanquished Creatures (others)
  12 demonic plants (D:1)
  8 fungi (D:1)
  19 plants
  8 withered plants (D:1)
47 creatures vanquished.

Grand Total: 129 creatures vanquished

Notes
Turn   | Place    | Note
-------+----------+-------------------------------------------
     0 | D:1      | tilp the Felid Hedge Wizard began the quest for the Orb.
     0 | D:1      | Reached XP level 1. HP: 7/7 MP: 5/5
   282 | D:1      | Reached skill level 1 in Unarmed Combat
   411 | D:1      | Reached XP level 2. HP: 9/12 MP: 2/7
   476 | D:1      | Learned a level 2 spell: Call Imp
   479 | D:1      | Learned a level 2 spell: Blink
   841 | D:1      | Reached skill level 1 in Fighting
  1023 | D:1      | Found a faded altar of an unknown god.
  1752 | D:2      | Found Moshrehyx's Assorted Antiques.
  1769 | D:2      | Reached XP level 3. HP: 15/15 MP: 2/8
  1928 | D:2      | Bought a scroll labelled SEQURCHIA NUUDO for 25 gold pieces
  3045 | D:2      | Reached XP level 4. HP: 19/19 MP: 7/9
  3060 | D:2      | Bought a fuming grey potion for 22 gold pieces
  3233 | D:2      | Found Gixzouho's Distillery.
  3418 | D:2      | Found Nofuoto's Assorted Antiques.
  3864 | D:2      | Bought a potion of curing for 33 gold pieces
  4282 | D:3      | Found a blossoming altar of Fedhas.
  4302 | D:3      | Found Raexell's Antique Armour Shop.
  5067 | D:3      | Slain by an orc
  5068 | D:3      | Reached XP level 3. HP: -1/16 MP: 8/8
  5441 | D:4      | Noticed an ogre
  5452 | D:4      | Killed an ogre
  5453 | D:4      | Reached XP level 4. HP: 19/19 MP: 1/9
  5648 | D:4      | Found a basalt altar of Yredelemnul.
  5705 | D:4      | Reached XP level 5. HP: 12/22 MP: 10/10
  6644 | D:4      | Found an ornate altar of the Wu Jian Council.
  6644 | D:4      | Found an opulent altar of Gozag.
  6763 | D:4      | Reached skill level 1 in Conjurations
  7131 | D:2      | Bought a potion of heal wounds for 55 gold pieces
  7213 | D:5      | Entered Level 5 of the Dungeon
  7849 | D:5      | Noticed a wyvern
  8092 | D:5      | Noticed an ogre
  8100 | D:5      | Killed an ogre
  8101 | D:5      | Gained mutation: You are covered in thick fur. (AC +2)
                  | [Felid growth]
  8101 | D:5      | Reached XP level 6. HP: 26/26 MP: 0/11
  8795 | D:5      | Slain by a scorpion

Illustrated notes

Levels and vault maps discovered:
D:1:      saegor_arrival_miasma, layout_basic, shapermc_ecumenical_altar_gd,
          minivault_24, minmay_misc_feat_rows
D:2:      minmay_alternating_diamond, layout_basic, serial_shops,
          nicolae_shop_trees, shop_statue, nicolae_shop_crystal
D:3:      layout_loops_ring, nicolae_overflow_crystal_walls, serial_shops, shop,
          lexackson_kobold_supper
D:4:      layout_basic, mainiacjoe_overflow_surrounded_room,
          mainiacjoe_overflow_divided_tiny
D:5:      layout_gridville, minmay_misc_feat_enclosed

Skill      XL: |  1  2  3  4  5 |
---------------+----------------+-----
Unarmed Combat | 1 2 4 3 |  4.0
Fighting       | 1 2 |  2.0
Dodging        | 3 4 |  4.0
Stealth        | 3 4 |  4.0
Conjurations   | 3 |  3.2
Spellcasting   | |  3.0
Summonings     | |  1.0
Translocations | |  1.5

Action                   |  1- 3 |  4- 6 || total
-------------------------+-------+-------++-------
Melee: Unarmed           |    65 |   140 ||   205
       Bite              |     7 |     7 ||    14
       Punch             |       |     3 ||     3
 Cast: Magic Dart        |    58 |    19 ||    77
       Call Imp          |    21 |    46 ||    67
  Use: Scroll            |     6 |     6 ||    12
 Stab: Sleeping          |     3 |     7 ||    10
       Distracted        |       |     1 ||     1
Armor: Skin              |     4 |     5 ||     9
Dodge: Dodged            |    52 |   103 ||   155

Table legend: (Time is in decaauts)
 A = Elapsed time spent in this place.
 B = Non-inter-level travel time spent in this place.
 C = Inter-level travel time spent in this place.
 D = Time resting spent in this place.
 E = Time spent auto-exploring this place.
 F = Levels seen in this place.
 G = Mean time per level.
                   A        B        C        D        E       F      G
               +--------+--------+--------+--------+--------+-----+--------+
         Total |   7997 |   7682 |    315 |   3454 |   3333 |   5 | 1599.4 |
       Dungeon |   7997 |   7682 |    315 |   3454 |   3333 |   5 | 1599.4 |
               +--------+--------+--------+--------+--------+-----+--------+

Top non-repeatable levels by time:
     D:2: 2770 daAuts
     D:4: 1458 daAuts
     D:5: 1442 daAuts
     D:3: 1238 daAuts
     D:1: 1088 daAuts
